Map: Acid Plant LE

Players

puCK (Nina)

  • Race: Protoss Protoss
  • Spawn Location: 5:00

Reynor - Winner!

  • Race: Zerg Zerg
  • Spawn Location: 11:00

Event: WESG 2017 Haikou

VOD

Have the link to the VOD?

Description

Time

  • Played on: March 14, 2018, 6:09 a.m.
  • Length: 19:25

All games in this series

Show
View Real Time Build Order
Export as new Build Order

puCK Protoss 

Build Orders: 1 Gate Expand, Oracle Opening, Archon Immortal, Zealot Archon, Archon Drop 

Get SALT Encoding   

  12  0:00  Probe  
  13  0:13  Probe  
  14  0:17  Pylon  
  14  0:25  Probe (Chrono Boost)  
  15  0:37  Probe (Chrono Boost)  
  15  0:38  Gateway  
  16  0:44  Probe (Chrono Boost)  
  16  0:48  Assimilator  
  17  0:51  Probe  
  18  1:03  Probe  
  19  1:15  Probe  
  20  1:26  Nexus  
  20  1:36  Cybernetics Core  
  20  1:39  Probe  
  21  1:48  Assimilator  
  21  1:51  Probe  
  22  1:56  Pylon  
  22  2:03  Probe  
  23  2:12  Adept (Chrono Boost)  
  23  2:15  Probe  
  26  2:18  Stargate  
  26  2:27  Probe  
  26  2:29  Warp Gate  
  27  2:35  Adept  
  29  2:38  Probe (Chrono Boost)  
  29  2:39  Probe (Chrono Boost)  
  31  2:48  Probe x2 (Chrono Boost)  
  33  2:53  Probe x2 (Chrono Boost)  
  35  3:03  Oracle (Chrono Boost)  
  35  3:05  Probe x2  
  39  3:08  Assimilator  
  39  3:12  Assimilator  
  40  3:17  Probe x2  
  42  3:24  Robotics Facility  
  42  3:29  Probe  
  42  3:31  Probe  
  42  3:32  Pylon  
  44  3:38  Stalker  
  46  3:45  Twilight Council  
  46  3:50  Probe  
  46  3:52  Probe  
  46  3:54  Gateway  
  48  4:01  Gateway  
  48  4:07  Gateway  
  48  4:13  Warp Prism (Chrono Boost)  
  50  4:22  Templar Archives  
  51  4:24  Probe  
  51  4:31  Pylon  
  51  4:33  Probe  
  51  4:36  Probe  
  53  4:38  Pylon  
  53  4:46  Probe  
  53  4:48  Pylon  
  53  4:49  Probe  
  55  4:53  Charge  
  55  5:00  Pylon  
  55  5:02  High Templar x3  
  55  5:03  High Templar  
  55  5:07  Archon x2  
  63  5:12  Nexus  
  63  5:19  Observer (Chrono Boost)  
  63  5:20  Probe  
  63  5:21  Probe  
  66  5:25  Pylon  
  66  5:28  Forge  
  66  5:32  Probe  
  67  5:36  Adept  
  67  5:40  Probe  
  74  5:43  Immortal (Chrono Boost)  
  74  5:44  Probe  
  75  5:50  Shield Battery  
  75  5:52  Probe  
  75  5:54  Sentry x3  
  75  5:56  Probe  
  83  6:05  Probe  
  83  6:08  Probe  
  85  6:17  Probe  
  86  6:19  Robotics Facility, Immortal (Chrono Boost)  
  86  6:20  Probe  
  86  6:25  Probe  
  92  6:28  Protoss Ground Weapons Level 1 (Chrono Boost)  
  92  6:29  Probe  
  93  6:34  Gateway  
  93  6:36  Probe, Gateway  
  94  6:48  Probe  
  94  6:50  Probe  
  94  6:51  Immortal, Probe  
  101  7:00  Probe  
  102  7:02  Probe  
  102  7:03  Probe  
  104  7:11  Psionic Storm, Assimilator  
  104  7:12  Probe, Assimilator  
  104  7:14  Probe, Gateway  
  106  7:16  Gateway  
  106  7:19  Gateway  
  106  7:22  Probe  
  107  7:27  Pylon  
  107  7:29  Pylon  
  107  7:30  Pylon  
  107  7:35  Pylon  
  107  7:39  High Templar  
  109  7:45  Immortal x2  
  109  7:47  Zealot, Pylon  
  109  7:48  Pylon  
  109  7:49  High Templar x2  
  123  8:00  Zealot x2  
  127  8:06  Pylon  
  124  8:22  Nexus  
  124  8:24  Immortal x2  
  130  8:29  Probe  
  130  8:30  Zealot x4  
  130  8:32  Probe  
  135  8:34  Probe  
  135  8:41  Probe  
  124  8:44  Probe  
  124  8:46  Protoss Ground Weapons Level 2 (Chrono Boost), Probe, Pylon  
  126  8:52  Photon Cannon, High Templar x2  
  126  8:53  High Templar x2  
  134  8:57  Archon x2  
  132  9:03  Immortal, Observer  
  132  9:09  High Templar x2  
  141  9:13  Probe  
  141  9:14  Photon Cannon  
  141  9:16  Photon Cannon, Archon  
  140  9:18  Photon Cannon  
  140  9:20  Zealot x3  
  144  9:26  Zealot x2  
  148  9:33  High Templar x2  
  150  9:40  Archon  
  150  9:42  Zealot x4  
  156  9:52  Observer (Chrono Boost)  
  151  9:55  Zealot x3  
  151  9:59  Observer (Chrono Boost)  
  157  10:05  Zealot  
  157  10:06  Zealot x3  
  155  10:14  Zealot  
  155  10:19  Probe x2  
  144  10:22  Zealot x4  
  142  10:29  Zealot  
  142  10:34  Zealot  
  142  10:35  Zealot x3  
  135  10:40  Probe x2  
  135  10:41  Immortal (Chrono Boost)  
  133  10:43  High Templar x2  
  133  10:44  Immortal (Chrono Boost), High Templar x2  
  141  10:55  Probe x2  
  141  10:56  Probe  
  144  11:01  Pylon  
  144  11:02  Pylon, High Templar x3  
  146  11:06  Probe  
  146  11:07  Probe, Assimilator  
  146  11:10  Archon  
  146  11:11  Archon  
  148  11:12  Photon Cannon, Assimilator  
  148  11:15  Photon Cannon  
  148  11:16  Probe x2  
  148  11:18  Immortal (Chrono Boost)  
  150  11:25  Immortal (Chrono Boost)  
  158  11:27  Pylon  
  158  11:31  High Templar x2  
  162  11:36  Photon Cannon  
  162  11:39  Photon Cannon  
  162  11:41  Zealot x2  
  166  11:50  Zealot x4, Immortal  
  172  11:57  Zealot  
  157  12:17  Pylon  
  157  12:18  Photon Cannon, Pylon  
  157  12:20  Nexus  
  157  12:25  Photon Cannon  
  157  12:27  Photon Cannon  
  157  12:29  Photon Cannon  
  137  12:38  Zealot x3  
  137  12:41  Photon Cannon  
  137  12:50  Pylon x2  
  135  12:56  Dark Shrine  
  128  13:05  Gateway  
  125  13:11  Gateway  
  125  13:12  Gateway  
  107  13:35  Gateway  
  107  13:36  Gateway  
  107  13:40  Gateway  
  107  13:41  Pylon  
  99  13:44  Gateway  
  96  14:44  Nexus  
  96  14:46  Pylon  
  96  14:49  Pylon  
  80  14:57  Pylon  
  80  14:59  Pylon  
  78  15:12  Dark Templar x2  
  82  15:18  Gateway  
  80  15:21  Gateway  
  60  15:37  Archon  
  56  15:45  Dark Templar x2  
  52  16:17  Dark Templar  
  54  16:19  Dark Templar  
  50  16:33  Archon  
  50  16:44  Dark Templar  
  52  16:48  Gateway  
  52  16:51  Nexus  
  51  16:58  Dark Templar  
  51  17:05  Archon  
  48  17:30  Dark Templar  
  48  17:36  Dark Templar  
  52  17:40  Archon  
  52  17:44  Dark Templar  
  54  18:03  Dark Templar  
  56  18:10  Archon  
  56  18:11  Dark Templar  
  58  18:19  Dark Templar  
  60  18:24  Archon  
  60  18:40  Dark Templar x2  
  64  18:47  Archon  
  56  18:50  Dark Templar  
Show
View Real Time Build Order
Export as new Build Order

Reynor Zerg - Winner!

Build Orders: Hatch First, Lurkers, Roach Hydra 

Get SALT Encoding   

  12  0:01  Drone  
  13  0:12  Overlord  
  13  0:17  Drone  
  14  0:31  Drone x2  
  16  0:35  Drone  
  17  0:51  Hatchery  
  17  0:55  Drone  
  17  0:58  Drone  
  18  1:09  Extractor  
  17  1:15  Spawning Pool  
  17  1:17  Drone  
  17  1:20  Drone  
  18  1:28  Drone  
  19  1:39  Overlord  
  19  1:52  Drone  
  20  2:02  Queen, Zergling x2  
  20  2:04  Queen, Zergling x2  
  26  2:09  Metabolic Boost  
  26  2:13  Drone  
  27  2:17  Drone  
  27  2:22  Drone  
  29  2:27  Drone  
  30  2:38  Hatchery  
  30  2:41  Drone  
  30  2:43  Drone  
  31  2:48  Overlord  
  31  2:55  Queen  
  31  2:57  Zergling x2  
  34  2:59  Zergling x2  
  34  3:01  Drone  
  36  3:06  Drone  
  36  3:08  Drone  
  36  3:09  Zergling x2  
  36  3:12  Overlord  
  39  3:14  Drone  
  39  3:17  Drone  
  42  3:20  Drone  
  42  3:22  Drone x2  
  44  3:27  Spore Crawler  
  44  3:28  Drone  
  44  3:31  Drone  
  45  3:35  Queen  
  45  3:40  Drone x2  
  49  3:45  Drone x2  
  49  3:46  Drone  
  52  3:50  Overlord  
  52  3:51  Drone  
  52  3:54  Drone  
  53  4:00  Drone  
  53  4:01  Drone  
  53  4:02  Drone  
  56  4:03  Lair  
  56  4:05  Drone  
  57  4:13  Drone  
  57  4:14  Drone x2  
  58  4:18  Roach Warren  
  58  4:19  Extractor  
  58  4:20  Evolution Chamber  
  58  4:23  Drone  
  58  4:24  Spore Crawler  
  55  4:25  Drone  
  55  4:26  Drone  
  55  4:29  Overlord  
  58  4:36  Overlord  
  58  4:37  Spore Crawler  
  56  4:49  Drone x3  
  59  4:55  Drone  
  59  4:56  Drone  
  59  4:57  Drone x2  
  59  4:59  Extractor  
  62  5:00  Roach x2  
  62  5:01  Roach x3  
  62  5:02  Overlord  
  62  5:03  Overlord  
  72  5:09  Glial Reconstitution  
  72  5:10  Overlord  
  72  5:16  Overlord  
  72  5:20  Spine Crawler  
  71  5:22  Roach x3  
  71  5:27  Roach  
  79  5:29  Extractor  
  79  5:30  Queen  
  79  5:37  Drone x6  
  79  5:38  Drone x3  
  79  5:39  Drone  
  90  5:44  Drone x2  
  90  5:45  Drone x2  
  94  5:52  Drone  
  94  5:53  Drone x2, Extractor  
  96  5:57  Hydralisk Den  
  96  6:03  Drone x3  
  99  6:05  Overlord  
  99  6:08  Drone x4  
  103  6:12  Overlord  
  103  6:20  Overlord  
  103  6:22  Overlord x2  
  103  6:29  Hydralisk Den  
  103  6:30  Evolution Chamber  
  101  6:34  Roach x2  
  101  6:37  Overlord  
  105  6:40  Roach x3  
  105  6:45  Hatchery  
  105  6:46  Roach x4  
  118  6:53  Drone x2  
  120  6:54  Extractor  
  120  6:57  Overlord  
  116  7:02  Hydralisk x3  
  116  7:03  Hydralisk x2  
  116  7:06  Hydralisk x2  
  130  7:12  Hydralisk  
  130  7:13  Grooved Spines  
  130  7:14  Hydralisk  
  134  7:19  Drone x2  
  134  7:20  Drone x4  
  134  7:21  Overlord  
  140  7:25  Hydralisk  
  140  7:29  Hydralisk x2  
  142  7:31  Zerg Missile Weapons Level 1  
  142  7:34  Overlord  
  142  7:36  Overlord  
  146  7:43  Hydralisk  
  146  7:44  Lurker Den  
  147  7:45  Overlord  
  147  7:46  Hydralisk  
  147  7:47  Zergling x6  
  147  7:48  Zergling x4  
  154  7:54  Hydralisk x2  
  154  7:55  Hydralisk  
  154  7:56  Hydralisk  
  162  7:59  Hydralisk  
  164  8:08  Drone x6  
  164  8:09  Drone x2  
  172  8:13  Hydralisk x3  
  172  8:16  Hydralisk  
  172  8:18  Hydralisk x2  
  184  8:26  Overlord  
  180  8:29  Extractor x2  
  176  8:36  Hydralisk x3  
  176  8:37  Hydralisk  
  176  8:40  Muscular Augments  
  172  8:41  Zergling x8  
  172  8:42  Zergling x8  
  172  8:45  Hydralisk x3  
  186  8:50  Hydralisk, Zergling x2  
  186  8:54  Hydralisk  
  186  8:55  Zergling x2  
  192  9:01  Overlord  
  192  9:03  Overlord  
  192  9:04  Overlord  
  192  9:07  Infestation Pit  
  192  9:09  Evolution Chamber  
  190  9:10  Zergling x4  
  190  9:16  Overlord  
  189  9:20  Hydralisk x2  
  189  9:21  Spine Crawler  
  189  9:22  Lurker x4  
  196  9:26  Zergling x8  
  199  9:35  Zerg Ground Armor Level 1, Pneumatized Carapace  
  176  9:53  Hydralisk x2  
  176  9:54  Hydralisk x4  
  176  9:55  Zergling x8  
  176  9:58  Drone x5  
  176  9:59  Drone  
  197  10:02  Hydralisk x2  
  197  10:03  Zergling x4  
  198  10:11  Hatchery  
  198  10:13  Roach x7  
  197  10:14  Overseer  
  197  10:17  Hydralisk x3  
  197  10:18  Zergling x4  
  197  10:21  Roach x2  
  177  10:28  Hive  
  177  10:29  Hydralisk, Roach x3  
  177  10:30  Zergling x2  
  177  10:32  Hydralisk  
  177  10:33  Zergling x2  
  165  10:44  Hydralisk x3, Zergling x2  
  165  10:45  Zergling x4  
  165  10:49  Hydralisk  
  174  10:50  Hydralisk  
  174  10:52  Hydralisk  
  180  10:59  Hydralisk x2  
  180  11:02  Hydralisk x2  
  180  11:03  Hydralisk  
  189  11:11  Drone x5  
  189  11:16  Lurker x4  
  189  11:18  Hydralisk  
  197  11:22  Overlord  
  197  11:23  Overseer, Overlord x2  
  199  11:30  Lurker  
  200  11:47  Zerg Ground Armor Level 2  
  200  11:49  Hatchery  
  200  11:50  Extractor  
  200  11:51  Extractor  
  200  11:53  Hydralisk x3  
  188  12:02  Hydralisk x5  
  188  12:03  Zergling x6  
  188  12:07  Spine Crawler  
  188  12:08  Spine Crawler, Zergling x4  
  181  12:09  Spine Crawler  
  181  12:12  Hatchery  
  181  12:13  Hydralisk x2  
  181  12:14  Zergling x2  
  176  12:27  Hydralisk x2  
  176  12:28  Zergling x6  
  176  12:29  Hydralisk x2  
  166  12:35  Hydralisk  
  154  12:41  Hydralisk x2  
  154  12:42  Zergling x4  
  140  12:44  Lurker x2  
  140  12:45  Lurker  
  140  12:48  Zergling x4  
  140  12:50  Zergling x2  
  137  12:52  Spore Crawler  
  137  12:53  Zergling x2  
  130  12:58  Hydralisk  
  130  12:59  Zergling x6  
  125  13:06  Zergling x2  
  124  13:23  Hydralisk  
  124  13:24  Zergling x2  
  109  13:40  Drone x2  
  108  13:45  Drone  
  106  13:53  Drone x2  
  106  13:54  Drone  
  109  14:01  Drone x2  
  111  14:06  Zergling x2  
  112  14:16  Zergling x8  
  107  14:25  Zergling x4  
  107  14:28  Zergling x6  
  107  14:29  Zergling x2  
  103  14:37  Hydralisk  
  101  14:38  Zergling x6  
  101  14:41  Drone x2  
  106  14:48  Zergling x4  
  106  14:50  Zergling x2  
  106  14:59  Hydralisk x2  
  106  15:00  Zergling x2  
  106  15:03  Overseer  
  111  15:08  Queen  
  111  15:09  Zergling x2  
  113  15:18  Hydralisk x2  
  117  15:22  Hydralisk  
  117  15:31  Hydralisk, Zergling x2  
  97  15:37  Hydralisk  
  97  15:38  Zergling x2  
  97  15:42  Hydralisk  
  93  15:44  Zergling x2  
  90  16:00  Hydralisk  
  90  16:01  Hydralisk  
  94  16:13  Hydralisk x2  
  94  16:14  Zergling x2  
  98  16:22  Hydralisk  
  98  16:24  Drone  
  99  16:27  Drone  
  96  16:39  Zergling x4  
  98  16:46  Drone  
  98  16:47  Drone x2  
  101  16:58  Viper  
  101  16:59  Viper  
  106  17:10  Overseer  
  106  17:11  Hydralisk  
  106  17:12  Hydralisk  
  110  17:16  Spore Crawler  
  110  17:20  Zergling x4  
  111  17:32  Hydralisk x3  
  111  17:35  Drone  
  109  17:59  Hydralisk x5  
  109  18:05  Hydralisk  
  115  18:23  Hatchery  
  115  18:24  Hydralisk  
  115  18:32  Hydralisk, Drone x2  
  117  18:55  Hydralisk x3  
  115  18:56  Zergling x8  
  115  19:05  Zergling x2  
Tags
 
Add a new tag
Caveats
  • Supply blocks, unpowered buildings, or Contaminate may cause inaccurate times.
  • Supply counts are checked every 10 seconds.